 Dungeon Crawl Stone Soup version 0.32-a0-484-g2eb335deba (webtiles) character file.

Game seed: 4868312315117634019

729 mopl the Vexing (level 7, -2/51 HPs)
             Began as a Purple Draconian Enchanter on Feb 26, 2024.
             Killed by miscasting Dazzling Flash (5 damage)
             ... on level 5 of the Dungeon.
             The game lasted 00:06:12 (4354 turns).

mopl the Vexing (Purple Draconian Enchanter)        Turns: 4354, Time: 00:06:13

Health: -2/51      AC:  6    Str: 10 (11) XL:     7   Next: 44%
Magic:  8/14       EV: 11    Int: 15 (17) God:
Gold:   252        SH:  0    Dex:  8 (11) Spells: 2/16 levels left

rFire   . . .        a - +2 dagger (venom)
rCold   . . .        (no shield)
rNeg    . . .        (body armour unavailable)
rPois   .            (helmet restricted)
rElec   .            (no cloak)
rCorr   .            (no gloves)
SInv    .            (no boots)
Will    ++...        (no amulet)
Stlth   ++           (no ring)
HPRegen 0.28/turn    (no ring)
MPRegen 0.14/turn

%: no passive effects
@: enlightened, flying, very slightly contaminated
A: breathe power, AC +6, unfitting armour, cold-blooded
a: Breathe Dispelling Energy


You were on level 5 of the Dungeon.
You visited 1 branch of the dungeon, and saw 6 of its levels.

You collected 252 gold pieces.

Inventory:

Hand Weapons
 a - a +2 dagger of venom (weapon)
 f - a +1 dagger
 p - a +0 dagger of freezing
Missiles
 s - 5 curare-tipped darts
 u - 7 poisoned darts
Armour
 o - a +0 buckler
 v - a +0 kite shield
Scrolls
 c - 3 scrolls of teleportation {unknown}
 d - 7 scrolls of identify {unknown}
 e - 4 scrolls of blinking {unknown}
 h - a scroll of revelation {unknown}
 k - 2 scrolls of fear {unknown}
 m - a scroll of vulnerability {unknown}
 n - a scroll of fog {unknown}
 t - a scroll of enchant weapon {unknown}
Potions
 b - 2 potions of invisibility
 g - 2 potions of degeneration
 i - a potion of heal wounds {unknown}
 j - a potion of enlightenment
 l - 2 potions of curing {unknown}
 q - a potion of attraction {unknown}
 r - a potion of haste {unknown}


   Skills:
 + Level 0.8 Fighting
 + Level 3.0 Short Blades
 - Level 1.7 Dodging
 * Level 5.0 Stealth
 * Level 5.2 Spellcasting
 * Level 5.7 Hexes
 + Level 1.2 Earth Magic


You had 2 spell levels left.
You knew the following spells:

 Your Spells              Type           Power      Damage    Failure   Level
a - Dazzling Flash        Conj/Hex       24%        N/A       16%         3
b - Ensorcelled Hibernat  Hex/Ice        24%        N/A       8%          2
c - Confusing Touch       Hex            21%        N/A       4%          3
d - Tukima's Dance        Hex            21%        N/A       4%          3
p - Passwall              Erth           7%         N/A       28%         3

Your spell library contained the following spells:

 Spells                   Type           Power      Damage    Failure   Level
 Sting                    Conj/Alch      12%        1d3       16%         1
 Mercury Vapours          Alch/Air       6%         N/A       24%         2
 Static Discharge         Conj/Air       6%         3-4/arc   24%         2
 Swiftness                Air            3%         N/A       43%         3
 Airstrike                Air            1%         2d(1-17)  85%         4
 Olgreb's Toxic Radiance  Alch           3%         N/A       85%         4
 Summon Lightning Spire   Summ/Air       3%         N/A       85%         4


Dungeon Overview and Level Annotations

Branches:
Dungeon (6/15)
 Temple: D:4-7

Altars:


Innate Abilities, Weirdness & Mutations

You can breathe bolts of dispelling energy.
Your rich purple scales are hard. (AC +6)
You cannot fit into any form of body armour.
You are cold-blooded and may be slowed by cold attacks.


Message History

The ufetubus barely misses you. The ufetubus completely misses you.
Something hits you.
Unknown command.
The ufetubus hits you.
* * * LOW HITPOINT WARNING * * *
The ufetubus hits you but does no damage.
You feel a bit more experienced. The ufetubus hits you.
* * * LOW HITPOINT WARNING * * *
The ufetubus hits you.
* * * LOW HITPOINT WARNING * * *
It was a potion of degeneration.
There was something very wrong with that liquid.
You feel weakened.
You feel dopey.
You feel clumsy. The ufetubus barely misses you. The ufetubus hits you.
* * * LOW HITPOINT WARNING * * *
It was a potion of enlightenment.
You feel very buoyant.
You fly up into the air.
The ufetubus closely misses you.
The ufetubus hits you but does no damage.
The ufetubus slips past you!
The ufetubus hits you but does no damage. x2
Casting: Ensorcelled Hibernation (safe; 8% risk of failure)
Confirm with . or Enter, or press ? or * to list all spells.
Casting: Dazzling Flash (dangerous; 16% risk of failure)
Press: ? - help, Dir - look around, f - activate The ufetubus is dazzled.
The ufetubus closely misses you.
The ufetubus hits you but does no damage.
The ufetubus hits you.
* * * LOW HITPOINT WARNING * * *
The ufetubus barely misses you.
Unknown command.
Casting: Dazzling Flash (dangerous; 16% risk of failure)
Confirm with . or Enter, or press ? or * to list all spells.
Casting: Dazzling Flash (dangerous; 16% risk of failure)
Press: ? - help, Dir - look around, f - activate You miscast Dazzling Flash.
You are very lightly contaminated with residual magic.
Strange energies run through your body.
You die...

# #......# #.# #..####..######
#......###.# #..............
#..........# ##########.....
####.....########.........####
#.....#........###...###
##.#..#[#......###...#
####+#..)>.....#...#...#
#......##)##5#.#...#####
#......##.##@#.#...#
#.......#.##5#.#...#
#.....#.#.##.#.#...#
#.....#......#.#.###
####'####.####.#.# #.#
#......#.# #.###########.#
#.............#
###############


You could see 2 ufetubi.

Vanquished Creatures
  A centaur (D:4)
  A scorpion (D:5)
  5 bombardier beetles
  An orc priest (D:5)
  3 hounds
  An orc wizard (D:5)
  Robin (D:4)
  9 gnolls
  7 adders
  2 shadow imps (D:5)
  A dart slug (D:2)
  2 ribbon worms
  11 orcs
  6 bats
  7 endoplasms
  2 giant cockroaches
  19 goblins
  4 hobgoblins
  3 jackals (D:5)
  5 ball pythons
  6 frilled lizards
  7 kobolds
  2 rats
106 creatures vanquished.

Vanquished Creatures (collateral kills)
  A gnoll (D:5)
1 creature vanquished.

Vanquished Creatures (others)
  2 dancing weapons (D:5)
2 creatures vanquished.

Grand Total: 109 creatures vanquished

Notes
Turn   | Place    | Note
-------+----------+-------------------------------------------
     0 | D:1      | mopl the Draconian Enchanter began the quest for the Orb.
     0 | D:1      | Reached XP level 1. HP: 14/14 MP: 3/3
   168 | D:1      | Reached XP level 2. HP: 20/20 MP: 5/5
   171 | D:1      | Learned a level 2 spell: Ensorcelled Hibernation
   295 | D:1      | Reached skill level 3 in Stealth
   460 | D:2      | Reached skill level 3 in Hexes
   506 | D:2      | Reached XP level 3. HP: 12/26 MP: 6/6
   569 | D:2      | Learned a level 3 spell: Confusing Touch
  1404 | D:2      | Reached XP level 4. HP: 23/33 MP: 8/8
  1501 | D:3      | Learned a level 3 spell: Tukima's Dance
  1699 | D:3      | Reached skill level 3 in Spellcasting
  1701 | D:3      | Reached skill level 2 in Short Blades
  1701 | D:3      | Reached XP level 5. HP: 38/38 MP: 9/9
  2508 | D:4      | Noticed Robin
  2614 | D:4      | Killed Robin
  2732 | D:4      | Reached skill level 4 in Stealth
  2755 | D:4      | Noticed a centaur
  2767 | D:4      | Killed a centaur
  2768 | D:4      | Reached skill level 4 in Hexes
  2768 | D:4      | Reached XP level 6. HP: 34/45 MP: 8/11
  2772 | D:4      | Learned a level 3 spell: Passwall
  2865 | D:5      | Entered Level 5 of the Dungeon
  3174 | D:5      | Reached skill level 4 in Spellcasting
  3192 | D:5      | Your scales start taking on a rich purple colour.
  3192 | D:5      | Reached skill level 5 in Hexes
  3192 | D:5      | Reached XP level 7. HP: 35/50 MP: 12/14
  3360 | D:5      | Reached skill level 1 in Earth Magic
  3662 | D:5      | Reached skill level 5 in Spellcasting
  3850 | D:5      | Learned a level 3 spell: Dazzling Flash
  4275 | D:5      | Reached skill level 3 in Short Blades
  4275 | D:5      | Reached skill level 5 in Stealth
  4354 | D:5      | Killed by miscasting Dazzling Flash

Illustrated notes

Levels and vault maps discovered:
D:1:      heliophobic_arrival_glass_houses, layout_rooms
D:2:      layout_basic, kennysheep_generic_room_2
D:3:      layout_basic
D:4:      layout_rooms, uniq_robin
D:5:      corexii_shack_village, layout_basic, minmay_misc_feat_secret_circle
D:6:      layout_basic, mainiacjoe_overflow_boulevard,
          mainiacjoe_overflow_cross_hatched, minmay_temple_entry_antechambers,
          lightli_orcish_oven, uniq_maggie

Skill      XL: |  1  2  3  4  5  6  7 |
---------------+----------------------+-----
Stealth        | 3 4 5 |  5.0
Hexes          | 3 4 5 |  5.7
Spellcasting   | 3 4 5 |  5.2
Short Blades   | 2 3 |  3.0
Earth Magic    | 1 |  1.2
Fighting       | |  0.8
Dodging        | |  1.7

Action                     |  1- 3 |  4- 6 |  7- 9 || total
---------------------------+-------+-------+-------++-------
  Melee: Dagger            |   120 |   133 |    89 ||   342
         Tailslap          |    13 |    11 |     9 ||    33
   Cast: Ensorcelled Hiber |     2 |     8 |     5 ||    15
         Tukima's Dance    |       |     4 |     2 ||     6
         Dazzling Flash    |       |       |     1 ||     1
    Use: Potion            |       |       |     2 ||     2
   Stab: Distracted        |     1 |       |       ||     1
         Sleeping          |     8 |     7 |     3 ||    18
 Armour: Skin              |    61 |    78 |    81 ||   220
  Dodge: Dodged            |    85 |    82 |    73 ||   240

Table legend: (Time is in decaauts)
 A = Elapsed time spent in this place.
 B = Non-inter-level travel time spent in this place.
 C = Inter-level travel time spent in this place.
 D = Time resting spent in this place.
 E = Time spent auto-exploring this place.
 F = Levels seen in this place.
 G = Mean time per level.
                   A        B        C        D        E       F      G
               +--------+--------+--------+--------+--------+-----+--------+
         Total |   4326 |   3951 |    375 |    299 |   2777 |   6 |  721.0 |
       Dungeon |   4326 |   3951 |    375 |    299 |   2777 |   6 |  721.0 |
               +--------+--------+--------+--------+--------+-----+--------+

Top non-repeatable levels by time:
     D:5: 1399 daAuts
     D:3: 1016 daAuts
     D:2: 998 daAuts
     D:1: 443 daAuts
     D:4: 396 daAuts
     D:6: 71 daAuts
